 Dungeon Crawl Stone Soup version 0.29.0-4-gdea44cf6ec (webtiles) character file.

Game seed: 11187240304957241781

81809 qw the Severer (level 15, -3/118 HPs)
             Began as a Demonspawn Cinder Acolyte on Sept 9, 2022.
             Was a High Priest of Okawaru.
             Slain by an orc sorcerer
             ... wielding a +0 dagger
              (5 damage)
             ... while paralysed by an orc sorcerer
             ... on level 2 of the Orcish Mines.
             The game lasted 00:09:37 (27966 turns).

qw the Severer (Demonspawn Cinder Acolyte)         Turns: 27966, Time: 00:09:37

Health: -3/118     AC: 25    Str: 25    XL:     15   Next: 27%
Magic:  22/22      EV:  2    Int: 14    God:    Okawaru [*****.]
Gold:   591        SH:  0    Dex: 11    Spells: 16/16 levels left

rFire   + . .      SeeInvis .   y - +3 broad axe (vorpal)
rCold   . . .      Faith    .   j - +0 kite shield
rNeg    . . .      Spirit   .   b - +0 plate armour
rPois   +          Reflect  .   (helmet restricted)
rElec   .          Harm     .   k - +0 cloak
rCorr   .          Rampage  .   q - +3 pair of gauntlets of War {Slay+5}
Will    +....                   f - +1 pair of boots
Stlth   ..........              w - amulet of regeneration
HPRegen 1.09/turn               n - ring of poison resistance
MPRegen 0.18/turn               m - ring of protection from fire

@: paralysed, heroic
A: large bone plates 2, ignite blood 1, spiny 3, weakness stinger 1, antennae 1,
talons 1, agile 1, strong 1, evolution 1
a: Renounce Religion, Heroism, Finesse, Duel


You were on level 2 of the Orcish Mines.
You worshipped Okawaru.
Okawaru was extremely pleased with you.
You visited 4 branches of the dungeon, and saw 23 of its levels.
You also visited: Ossuary.

You collected 1721 gold pieces.
You spent 1130 gold pieces at shops.


Innate Abilities, Weirdness & Mutations

You are mostly covered in large bone plates. (SH +6)
Your demonic aura sometimes causes spilled blood to erupt in flames.
You are completely covered in sharp spines.
You have a small tail.
You have a pair of small antennae on your head.
You have sharp toenails.
You are agile. (Dex +4, Str/Int -1)
Your muscles are strong. (Str +4, Int/Dex -1)
You have hidden genetic potential.


   Skills:
 - Level 11.0(16.0) Fighting
 + Level 16.0(21.0) Axes
 - Level 5.0(10.0) Throwing
 - Level 10.0(15.0) Armour
 - Level 4.0(9.0) Dodging
 - Level 11.0(16.0) Shields
 - Level 1.0 Spellcasting
 - Level 2.6 Fire Magic
 - Level 10.0 Invocations


You had 16 spell levels left.
You didn't know any spells.
Your spell library contained the following spells:

 Spells                   Type           Power      Damage    Failure   Level
 Scorch                   Fire           16%        2d5       85%         2

Inventory:

Hand Weapons
 c - a -1 hand axe of flaming
 y - a +3 vorpal broad axe (weapon)
Missiles
 e - 10 boomerangs (quivered)
 s - a javelin
Armour
 b - a +0 plate armour (worn)
 f - a +1 pair of boots (worn)
 j - a +0 kite shield (worn)
 k - a +0 cloak (worn)
 q - the +3 pair of gauntlets of War (worn) {Slay+5}
   (You acquired it on level 2 of the Lair of Beasts)

   Slay:      It affects your accuracy & damage with ranged weapons and melee
   (+5).
Jewellery
 d - a ring of fire
 g - a ring of poison resistance
 i - a ring of ice
 m - a ring of protection from fire (right hand)
 n - a ring of poison resistance (left hand)
 v - a ring of protection from cold
 w - an amulet of regeneration (around neck)
Scrolls
 a - a scroll of identify
 u - 5 scrolls of teleportation
Potions
 h - 3 potions of resistance
 l - 6 potions of curing
 o - a potion of magic
 p - 2 potions of might
 r - 5 potions of haste
 t - a potion of cancellation
 z - a potion of mutation

Dungeon Overview and Level Annotations

Branches:
Dungeon (15/15)            Temple (1/1) D:5            Lair (5/5) D:8
  Swamp (0/4) Lair:2       Spider (0/4) Lair:3        Slime (0/5) Lair:4
    Orc (2/2) D:12         Vaults (0/5) D:14         Depths (0/4) D:15
Ossuary (visited)
    Elf: Orc:2

Altars:
Ashenzari
Dithmenos
Fedhas
Gozag
Hepliaklqana
Kikubaaqudgha
Makhleb
Nemelex Xobeh
Okawaru
Qazlal
Ru
Sif Muna
Trog
Vehumet
Xom
Yredelemnul
Jiyva

Shops:
D:14 (   Orc:1 **   Orc:2 (

Annotations:
D:10 4 runed translucent doors, qw's ghost, novice DsCA
Lair:5 2 runed translucent doors


Message History

The sun demon hits you but does no damage.
The orange demon stings you but does no damage.
The orc sorcerer gestures at you while chanting.
You shrug off the repeated paralysis!
The orc warrior barely misses you.
The hellwing swoops through the air toward you!
The hellwing hits you but does no damage.
The hellwing hits you. The sun demon hits you.
You are engulfed in flames.
You resist.
The orange demon stings you but does no damage.
The smoke demon is engulfed in blazing flames.
The smoke demon gestures at you. Beogh smites you!
The ogre is struck by your spines.
You kill the ogre!
Okawaru accepts your kill.
The orc sorcerer is struck by your spines.
The orc sorcerer hits you but does no damage.
The orc warrior throws a boomerang.
The boomerang hits you but does no damage.
The hellwing hits you!
The hellwing hits you but does no damage.
The sun demon is struck by your spines. The sun demon hits you.
You are engulfed in flames!
You resist.
The orange demon stings you but does no damage.
The smoke demon hits you.
The smoke demon hits you but does no damage.
The smoke demon hits you.
The orc sorcerer gestures at you while chanting.
The bolt of fire hits you! You resist.
The orc warrior hits you from afar with a +0 halberd.
The sun demon is struck by your spines. The sun demon hits you.
You are engulfed in flames!
You resist. The hellwing is struck by your spines.
The hellwing hits you but does no damage. x2
The orange demon stings you from afar.
The smoke demon hits you but does no damage.
The smoke demon completely misses you.
The smoke demon hits you but does no damage.
The sun demon hits you but does no damage.
The orc sorcerer is struck by your spines.
The orc sorcerer hits you with a +0 dagger.
You die...

.#....#......
........................
............P....\......
.............P..8.P.....
..)..<..................
..).............4.......
..............PooTP.....
..............4o33o.#
................@)..##
......#.#......4.#...#
......$.............##
....................##
#...........##..#.
.................#
.........<#.....##
............#.###
........#....##


You could see an orc knight, an orc high priest (strong), a sun demon
(summoned), 2 orange demons, a hellwing (summoned), a troll, a smoke demon
(summoned), an orc sorcerer (strong) and an orc warrior (strong).

Vanquished Creatures
  Kirke (Lair:3)
  A frost giant (D:15)
  An orc warlord (Orc:1)
  Nessos (Lair:5)
  Erolcha (Orc:1)
  An ice dragon (Lair:5)
  Fannar (Lair:1)
  2 catoblepae (D:13)
  9 hydras
  3 boulder beetles
  An ogre mage (D:14)
  5 centaur warriors
  4 two-headed ogres
  A death knight (D:14)
  3 tengu warriors
  5 death yaks (Lair:4)
  4 skeletal warriors (D:14)
  A lindwurm (Lair:5)
  Pikel (D:9)
  4 deep elf pyromancers
  A manticore (D:14)
  An oklob plant (Lair:1)
  8 ugly things
  3 cyclopes
  8 elephants
  An elephant (shapeshifter) (D:14)
  Joseph (Lair:1)
  9 black mambas
  4 centaur skeletons (D:14)
  A guardian serpent (shapeshifter) (D:14)
  A cane toad (shapeshifter) (D:11)
  2 molten gargoyles (Lair:5)
  3 gargoyles (D:12)
  14 cane toads
  4 yaktaurs
  2 unseen horrors
  3 kobold demonologists (D:11)
  A freezing wraith (D:14)
  23 komodo dragons
  An efreet (D:14)
  3 rime drakes
  A tyrant leech (Lair:2)
  A meliai (Lair:3)
  A polar bear (Lair:4)
  A troll (Orc:1)
  13 blink frogs
  Prince Ribbit (Lair:3)
  12 slime creatures
  A culicivora (shapeshifter) (D:14)
  A shadow (D:11)
  3 wraiths
  9 wyverns
  12 fire elementals
  2 humans (Lair:3)
  22 yaks
  4 hogs (Lair:3)
  2 basilisks (Lair:5)
  17 vampire mosquitoes
  4 steam dragons
  3 wargs
  An acid dragon (D:12)
  3 hell hounds (Lair:5)
  11 water moccasins
  A sky beast (D:8)
  A swamp drake (D:12)
  12 orc warriors
  A black bear (Lair:1)
  7 ogres
  5 boggarts (D:14)
  12 wolves (Lair:2)
  7 centaurs
  A lemure (D:9)
  A phantom (D:5)
  2 elf zombies (Ossuary)
  7 kobold brigands
  10 bullfrogs
  2 gnoll sergeants
  A necrophage (D:6)
  4 scorpions
  11 wights
  6 killer bees
  6 howler monkeys
  5 lava snakes (Lair:5)
  A centaur zombie (Ossuary)
  5 jellies
  A human zombie (Ossuary)
  10 orc priests
  2 iguanas
  17 orc wizards
  A boggart simulacrum (D:13)
  2 mummies (Ossuary)
  10 gnolls
  7 adders
  2 river rats (D:3)
  3 white imps
  An ufetubus (D:4)
  3 worms
  3 dart slugs
  47 orcs
  9 endoplasms
  2 giant cockroaches
  15 goblins
  11 hobgoblins
  13 jackals
  A quokka (D:4)
  10 ball pythons
  5 bats
  7 frilled lizards
  9 hobgoblin zombies (Ossuary)
  2 jackal zombies (Ossuary)
  30 kobolds
  7 kobold zombies (Ossuary)
  11 orc zombies (Ossuary)
  12 rats
  6 rat zombies
636 creatures vanquished.

Vanquished Creatures (others)
  An orc (D:7)
  29 fungi
  40 plants
70 creatures vanquished.

Grand Total: 706 creatures vanquished

Notes
Turn   | Place    | Note
-------+----------+-------------------------------------------
     0 | D:1      | qw the Demonspawn Cinder Acolyte began the quest for the
                  | Orb.
     0 | D:1      | Reached XP level 1. HP: 18/18 MP: 2/2
     0 | D:1      | 0 ||| qw: Version: 0.1-a-113-g051387a
     0 | D:1      | 0 ||| qw: Game counter: 7261
     0 | D:1      | 0 ||| qw: Always use a shield: true
     0 | D:1      | 0 ||| qw: God list: Okawaru
     0 | D:1      | 0 ||| qw: Allow faded altars: false
     0 | D:1      | 0 ||| qw: Do Orc after D:15 true
     0 | D:1      | 0 ||| qw: Do second Lair branch before Depths: true
     0 | D:1      | 0 ||| qw: Lair rune preference: random
     0 | D:1      | 0 ||| qw: Plans: Normal
     0 | D:1      | 0 ||| PLANNING D:1-11
    31 | D:1      | 31 ||| Stepping ~*~*~tactically~*~*~ (stealth).
    41 | D:1      | 41 ||| INVOKING Fiery Armour.
   228 | D:1      | Reached skill level 3 in Axes
   329 | D:1      | 329 ||| Stepping ~*~*~tactically~*~*~ (stealth).
   334 | D:1      | HP: 4/18 [kobold/+0 short sword (3)]
   335 | D:1      | 335 ||| INVOKING Fiery Armour.
   579 | D:1      | Gained mutation: You are partially covered in sharp spines.
                  | [demonic ancestry]
   579 | D:1      | Reached XP level 2. HP: 24/24 MP: 3/3
   613 | D:1      | 613 ||| INVOKING Fiery Armour.
   791 | D:1      | 791 ||| Stepping ~*~*~tactically~*~*~ (stealth).
   828 | D:1      | 828 ||| Stepping ~*~*~tactically~*~*~ (stealth).
   951 | D:1      | Found a faded altar of an unknown god.
   972 | D:1      | 972 ||| Stepping ~*~*~tactically~*~*~ (stealth).
   974 | D:1      | 974 ||| Stepping ~*~*~tactically~*~*~ (hiding).
   984 | D:1      | Gained mutation: Your demonic aura sometimes causes spilled
                  | blood to erupt in flames. [demonic ancestry]
   984 | D:1      | Reached XP level 3. HP: 29/29 MP: 4/4
  1049 | D:1      | 1049 ||| Stepping ~*~*~tactically~*~*~ (stealth).
  1072 | D:1      | 1072 ||| Stepping ~*~*~tactically~*~*~ (stealth).
  1155 | D:1      | Reached skill level 4 in Axes
  1354 | D:1      | 1354 ||| Stepping ~*~*~tactically~*~*~ (stealth).
  1357 | D:1      | 1357 ||| Stepping ~*~*~tactically~*~*~ (stealth).
  1358 | D:1      | 1358 ||| Stepping ~*~*~tactically~*~*~ (stealth).
  1461 | D:1      | 1461 ||| UPGRADING to +0 pair of boots.
  1466 | D:1      | 1466 ||| UPGRADING to +0 leather armour.
  1476 | D:1      | 1476 ||| DROPPING +0 robe.
  1477 | D:1      | 1477 ||| UPGRADING to +0 chain mail.
  1487 | D:1      | 1487 ||| DROPPING +0 leather armour.
  1488 | D:1      | 1488 ||| UPGRADING to +0 cloak.
  1493 | D:1      | 1493 ||| READING 2 scrolls labelled GUKLOPH EQUUF.
  1494 | D:1      | 1494 ||| READING scroll labelled FINOAQ QONA.
  1518 | D:2      | 1518 ||| STAIRDANCE
  2024 | D:2      | Reached skill level 1 in Armour
  2620 | D:2      | 2620 ||| READING scroll labelled EZETZO USARR.
  2621 | D:2      | 2621 ||| READING scroll labelled DAMUHI JUSU.
  2722 | D:2      | 2722 ||| READING scroll labelled FIJOID GONKIO.
  2723 | D:2      | 2723 ||| READING 2 scrolls of identify.
  2723 | D:2      | 2723 ||| IDENTIFYING pink potion
  2794 | D:3      | 2794 ||| PLANNING SEWER
  2882 | D:3      | Reached XP level 4. HP: 29/35 MP: 5/5
  2901 | D:3      | 2901 ||| FLEEEEING.
  3462 | D:3      | Identified the +10 dagger of Flawed Execution {protect,
                  | *Slow rPois Str+8}
  3487 | D:3      | 3487 ||| Stepping ~*~*~tactically~*~*~ (stealth).
  3487 | D:3      | 3487 ||| RIP SEWER
  3488 | D:3      | 3488 ||| PLANNING D:1-11
  3498 | D:3      | 3498 ||| Stepping ~*~*~tactically~*~*~ (stealth).
  3657 | D:3      | 3657 ||| READING scroll labelled GIPNYTHR FAMO.
  3658 | D:3      | 3658 ||| READING scroll labelled QOXEPN LOONOEK.
  3661 | D:3      | 3661 ||| READING scroll labelled IFEW LATRUGHY.
  3718 | D:4      | 3718 ||| Stepping ~*~*~tactically~*~*~ (stealth).
  3728 | D:4      | Reached skill level 5 in Axes
  3728 | D:4      | Reached XP level 5. HP: 31/41 MP: 6/6
  4032 | D:4      | 4032 ||| FLEEEEING.
  4033 | D:4      | 4033 ||| FLEEEEING.
  4034 | D:4      | 4034 ||| FLEEEEING.
  4035 | D:4      | 4035 ||| FLEEEEING.
  4036 | D:4      | 4036 ||| FLEEEEING.
  4037 | D:4      | 4037 ||| FLEEEEING.
  4038 | D:4      | 4038 ||| FLEEEEING.
  4039 | D:4      | 4039 ||| FLEEEEING.
  4040 | D:4      | 4040 ||| FLEEEEING.
  4041 | D:4      | 4041 ||| FLEEEEING.
  4042 | D:4      | 4042 ||| FLEEEEING.
  4043 | D:4      | 4043 ||| FLEEEEING.
  4044 | D:4      | 4044 ||| FLEEEEING.
  4045 | D:4      | 4045 ||| FLEEEEING.
  4046 | D:4      | 4046 ||| FLEEEEING.
  4047 | D:4      | 4047 ||| FLEEEEING.
  4048 | D:4      | 4048 ||| STAIRDANCE
  4104 | D:3      | 4104 ||| READING scroll labelled KEOSAP PYULU.
  4105 | D:3      | 4105 ||| READING scroll labelled WETHRA XIJ GOT.
  4105 | D:3      | Identified a scroll of acquirement
  4105 | D:3      | 4105 ||| ACQUIRING +1 buckler "Rusuygg" {rPois Regen+}
  4105 | D:3      | Acquired the +1 buckler "Rusuygg" {rPois Regen+}
  4107 | D:3      | 4107 ||| UPGRADING to +1 buckler "Rusuygg" {rPois Regen+}.
  4112 | D:3      | 4112 ||| READING 3 scrolls of identify.
  4112 | D:3      | 4112 ||| IDENTIFYING sapphire potion
  4113 | D:3      | 4113 ||| READING 2 scrolls of identify.
  4113 | D:3      | 4113 ||| IDENTIFYING cyan potion
  4114 | D:3      | 4114 ||| DROPPING potion of flight.
  4117 | D:4      | 4117 ||| STAIRDANCE
  4142 | D:4      | Reached skill level 1 in Shields
  4169 | D:4      | You fall into a shaft and drop 3 floors!
  4175 | D:7      | 4175 ||| PLANNING OSSUARY
  4193 | D:7      | Reached XP level 6. HP: 40/47 MP: 7/7
  4226 | D:7      | 4226 ||| Stepping ~*~*~tactically~*~*~ (stealth).
  4228 | D:7      | 4228 ||| DRINKING potion of curing.
  4228 | D:7      | 4228 ||| (to cure confusion)
  4229 | D:7      | 4229 ||| Stepping ~*~*~tactically~*~*~ (hiding).
  4230 | D:7      | 4230 ||| Stepping ~*~*~tactically~*~*~ (hiding).
  4233 | D:7      | 4233 ||| INVOKING Fiery Armour.
  4243 | D:7      | Reached skill level 6 in Axes
  4259 | D:7      | 4259 ||| Stepping ~*~*~tactically~*~*~ (stealth).
  4262 | D:7      | 4262 ||| Stepping ~*~*~tactically~*~*~ (stealth).
  4276 | D:7      | Reached XP level 7. HP: 52/52 MP: 8/8
  4288 | D:7      | 4288 ||| Stepping ~*~*~tactically~*~*~ (stealth).
  4298 | D:7      | Found a sand-covered staircase.
  4299 | D:7      | 4299 ||| UPGRADING to +0 plate armour.
  4300 | D:7      | 4300 ||| Stepping ~*~*~tactically~*~*~ (stealth).
  4301 | D:7      | 4301 ||| UPGRADING to +0 plate armour.
  4311 | D:7      | 4311 ||| DROPPING +0 chain mail.
  4316 | D:7      | 4316 ||| Stepping ~*~*~tactically~*~*~ (stealth).
  4317 | D:7      | 4317 ||| Stepping ~*~*~tactically~*~*~ (stealth).
  4331 | Ossuary  | Entered an ossuary
  4446 | Ossuary  | 4446 ||| Stepping ~*~*~tactically~*~*~ (stealth).
  4490 | Ossuary  | Reached skill level 3 in Armour
  4500 | Ossuary  | 4500 ||| Stepping ~*~*~tactically~*~*~ (stealth).
  4501 | Ossuary  | 4501 ||| Stepping ~*~*~tactically~*~*~ (stealth).
  4624 | Ossuary  | 4624 ||| Stepping ~*~*~tactically~*~*~ (stealth).
  4631 | Ossuary  | 4631 ||| Stepping ~*~*~tactically~*~*~ (stealth).
  4654 | Ossuary  | 4654 ||| READING 2 scrolls of identify.
  4654 | Ossuary  | 4654 ||| IDENTIFYING bubbling silvery potion
  4655 | Ossuary  | 4655 ||| DROPPING potion of attraction.
  4670 | D:7      | 4670 ||| PLANNING D:1-11
  4691 | D:7      | 4691 ||| Stepping ~*~*~tactically~*~*~ (hiding).
  4692 | D:7      | 4692 ||| Stepping ~*~*~tactically~*~*~ (hiding).
  4796 | D:5      | Entered Level 5 of the Dungeon
  4817 | D:5      | 4817 ||| Stepping ~*~*~tactically~*~*~ (stealth).
  4819 | D:5      | 4819 ||| Stepping ~*~*~tactically~*~*~ (hiding).
  4820 | D:5      | 4820 ||| Stepping ~*~*~tactically~*~*~ (hiding).
  4836 | D:5      | Found a staircase to the Ecumenical Temple.
  4860 | D:5      | 4860 ||| DRINKING 2 black potions.
  4863 | D:5      | 4863 ||| READING 2 scrolls of teleportation.
  4877 | D:5      | 4877 ||| INVOKING Fiery Armour.
  4890 | D:5      | Reached skill level 7 in Axes
  4890 | D:5      | Reached XP level 8. HP: 48/61 MP: 9/9
  4892 | D:5      | Reached skill level 1 in Throwing
  4919 | D:5      | Reached skill level 1 in Dodging
  5269 | D:4      | 5269 ||| INVOKING Fiery Armour.
  5271 | D:4      | 5271 ||| FLEEEEING.
  5272 | D:4      | 5272 ||| FLEEEEING.
  5273 | D:4      | 5273 ||| FLEEEEING.
  5274 | D:4      | 5274 ||| FLEEEEING.
  5279 | D:4      | 5279 ||| FLEEEEING.
  5293 | D:4      | 5293 ||| FLEEEEING.
  5381 | D:4      | Found a hazy altar of Hepliaklqana.
  5383 | D:4      | Found an opulent altar of Gozag.
  5383 | D:4      | Found a blossoming altar of Fedhas.
  5387 | D:4      | Found a sacrificial altar of Ru.
  5556 | D:4      | 5556 ||| Stepping ~*~*~tactically~*~*~ (hiding).
  5688 | D:4      | 5688 ||| Stepping ~*~*~tactically~*~*~ (stealth).
  5694 | D:4      | 5694 ||| Stepping ~*~*~tactically~*~*~ (stealth).
  5742 | D:4      | 5742 ||| UPGRADING to +0 helmet.
  5747 | D:4      | 5747 ||| READING scroll labelled HOVISI BAEPPOTZ.
  5860 | D:5      | Reached skill level 8 in Axes
  5934 | D:5      | 5934 ||| SWAPPING to +0 war axe.
  5975 | D:5      | 5975 ||| Stepping ~*~*~tactically~*~*~ (stealth).
  6029 | D:5      | 6029 ||| READING 2 scrolls of identify.
  6029 | D:5      | 6029 ||| IDENTIFYING fizzy cyan potion
  6030 | D:5      | 6030 ||| DROPPING potion of invisibility.
  6159 | D:6      | 6159 ||| INVOKING Fiery Armour.
  6273 | D:6      | 6273 ||| SWAPPING to +2 war axe.
  6274 | D:6      | 6274 ||| DROPPING +0 war axe.
  6289 | D:6      | Gained mutation: You are partially covered in large bone
                  | plates. (SH +4) [demonic ancestry]
  6289 | D:6      | Reached XP level 9. HP: 68/68 MP: 10/10
  6323 | D:6      | Reached skill level 9 in Axes
  6399 | D:6      | Reached skill level 3 in Shields
  6832 | D:6      | 6832 ||| DROPPING scarf of harm.
  6833 | D:6      | 6833 ||| READING scroll labelled CAC PEMNOE.
  7120 | D:7      | Reached skill level 6 in Fighting
  7384 | D:7      | 7384 ||| READING scroll labelled KUKISU HAICUIG.
  7385 | D:7      | 7385 ||| DRINKING 2 lumpy inky potions.
  7386 | D:7      | 7386 ||| DRINKING 2 amethyst potions.
  7491 | D:7      | 7491 ||| DROPPING potion of berserk rage.
  7608 | D:8      | 7608 ||| READING scroll of enchant armour.
  7608 | D:8      | 7608 ||| ENCHANTING +0 helmet.
  7624 | D:8      | Found a staircase to the Lair.
  7625 | D:8      | Noticed a komodo dragon
  7641 | D:8      | Killed a komodo dragon
  7734 | D:8      | Killed an unseen horror
  7771 | D:8      | Found a radiant altar of Vehumet.
  7920 | D:8      | Reached skill level 10 in Axes
  8000 | D:8      | 8000 ||| Stepping ~*~*~tactically~*~*~ (hiding).
  8301 | D:8      | 8301 ||| PLANNING LAIR
  8301 | D:8      | 8301 ||| READING 2 scrolls of identify.
  8301 | D:8      | 8301 ||| IDENTIFYING bubbling golden potion
  8302 | D:8      | 8302 ||| DROPPING potion of ambrosia.
  8322 | Lair:1   | Entered Level 1 of the Lair of Beasts
  8360 | Lair:1   | Noticed a cane toad
  8368 | Lair:1   | Killed a cane toad
  8369 | Lair:1   | Gained mutation: You are mostly covered in sharp spines.
                  | [demonic ancestry]
  8369 | Lair:1   | Reached XP level 10. HP: 79/79 MP: 11/11
  8442 | Lair:1   | Noticed a cane toad
  8444 | Lair:1   | Killed a cane toad
  8516 | Lair:1   | Reached skill level 11 in Axes
  8539 | Lair:1   | Noticed an oklob plant
  8540 | Lair:1   | 8540 ||| INVOKING Fiery Armour.
  8546 | Lair:1   | HP: 2/79 [oklob plant/splash of acid (28)]
  8547 | Lair:1   | 8547 ||| READING 4 scrolls of teleportation.
  8548 | Lair:1   | Reached skill level 6 in Armour
  8548 | Lair:1   | 8548 ||| DRINKING potion of heal wounds.
  8645 | Lair:1   | Killed an oklob plant
  8708 | Lair:1   | Noticed Fannar
  8739 | Lair:1   | Killed Fannar
  9082 | Lair:1   | Noticed Joseph
  9088 | Lair:1   | Killed Joseph
  9249 | Lair:1   | 9249 ||| UPGRADING to +0 kite shield.
  9259 | Lair:1   | 9259 ||| DROPPING +1 buckler "Rusuygg" {rPois Regen+}.
  9260 | Lair:1   | 9260 ||| READING 2 scrolls labelled IGHEKEGI DAO.
  9261 | Lair:1   | 9261 ||| READING 2 scrolls of identify.
  9261 | Lair:1   | 9261 ||| IDENTIFYING sedimented white potion
  9262 | Lair:1   | 9262 ||| DROPPING scroll of fear.
  9263 | Lair:1   | 9263 ||| DROPPING potion of degeneration.
  9270 | Lair:2   | Noticed a seven-headed hydra
  9270 | Lair:2   | Noticed a cane toad
  9271 | Lair:2   | 9271 ||| INVOKING Fiery Armour.
  9273 | Lair:2   | 9273 ||| STAIRDANCE
  9278 | Lair:1   | Killed a cane toad
  9326 | Lair:2   | Noticed an elephant
  9327 | Lair:2   | 9327 ||| STAIRDANCE
  9329 | Lair:1   | 9329 ||| SWAPPING to -1 hand axe of flaming.
  9329 | Lair:1   | Killed a seven-headed hydra
  9330 | Lair:1   | Gained mutation: You are mostly covered in large bone
                  | plates. (SH +6) [demonic ancestry]
  9330 | Lair:1   | Reached XP level 11. HP: 49/86 MP: 12/12
  9330 | Lair:1   | 9330 ||| SWAPPING to +3 war axe.
  9494 | Lair:2   | Reached skill level 6 in Shields
  9545 | Lair:2   | 9545 ||| FLEEEEING.
  9546 | Lair:2   | 9546 ||| FLEEEEING.
  9547 | Lair:2   | 9547 ||| FLEEEEING.
  9555 | Lair:2   | 9555 ||| STAIRDANCE
  9559 | Lair:1   | HP: 20/86 [poisoned by a black mamba]
  9564 | Lair:1   | HP: 15/86 [poisoned by a black mamba]
  9867 | Lair:2   | 9867 ||| Stepping ~*~*~tactically~*~*~ (hiding).
  9868 | Lair:2   | 9868 ||| Stepping ~*~*~tactically~*~*~ (hiding).
  9930 | Lair:2   | Noticed a seven-headed hydra
  9931 | Lair:2   | 9931 ||| INVOKING Fiery Armour.
  9934 | Lair:2   | 9934 ||| SWAPPING to -1 hand axe of flaming.
  9938 | Lair:2   | Killed a four-headed hydra
  9939 | Lair:2   | 9939 ||| SWAPPING to +3 war axe.
 10168 | Lair:2   | You fall into a shaft and drop 2 floors!
 10466 | Lair:4   | 10466 ||| Stepping ~*~*~tactically~*~*~ (stealth).
 10469 | Lair:4   | 10469 ||| INVOKING Fiery Armour.
 10740 | Lair:4   | Reached skill level 12 in Axes
 10774 | Lair:4   | Noticed a boulder beetle
 10775 | Lair:4   | 10775 ||| Stepping ~*~*~tactically~*~*~ (stealth).
 10789 | Lair:4   | 10789 ||| INVOKING Fiery Armour.
 10906 | Lair:4   | 10906 ||| INVOKING Fiery Armour.
 10915 | Lair:4   | HP: 16/86 [boulder beetle (16)]
 10916 | Lair:4   | 10916 ||| READING 3 scrolls of teleportation.
 10917 | Lair:4   | 10917 ||| DRINKING potion of heal wounds.
 11554 | Lair:4   | 11554 ||| PLANNING TEMPLE
 11663 | Lair:4   | 11663 ||| READING scroll labelled ULOKUD LOQESOT.
 11664 | Lair:4   | 11664 ||| DRINKING 2 fuming blue potions.
 11708 | Lair:4   | 11708 ||| READING 2 scrolls of identify.
 11708 | Lair:4   | 11708 ||| IDENTIFYING brown potion
 11709 | Lair:4   | 11709 ||| DROPPING potion of lignification.
 11735 | Lair:3   | Noticed Prince Ribbit
 11736 | Lair:3   | 11736 ||| Stepping ~*~*~tactically~*~*~ (stealth).
 11751 | Lair:3   | Killed Prince Ribbit
 11752 | Lair:3   | Reached skill level 9 in Shields
 11752 | Lair:3   | 11752 ||| Stepping ~*~*~tactically~*~*~ (stealth).
 11765 | Lair:3   | Reached XP level 12. HP: 40/93 MP: 13/13
 11770 | Lair:3   | HP: 22/93 [poisoned by a black mamba]
 11775 | Lair:3   | HP: 19/93 [poisoned by a black mamba]
 12205 | Temple   | Entered the Ecumenical Temple
 12302 | Temple   | 12302 ||| PLANNING CONVERSION TO OKAWARU
 12308 | Temple   | Fell from the grace of Ignis
 12308 | Temple   | Became a worshipper of Warmaster Okawaru
 12309 | Temple   | 12309 ||| PLANNING LAIR
 12507 | Lair:2   | Noticed a six-headed hydra
 12511 | Lair:2   | 12511 ||| SWAPPING to -1 hand axe of flaming.
 12516 | Lair:2   | Killed a three-headed hydra
 12517 | Lair:2   | 12517 ||| SWAPPING to +3 war axe of freezing.
 12526 | Lair:2   | 12526 ||| Stepping ~*~*~tactically~*~*~ (hiding).
 12679 | Lair:2   | 12679 ||| READING scroll of acquirement.
 12679 | Lair:2   | 12679 ||| ACQUIRING +3 pair of gauntlets of War {Slay+5}
 12679 | Lair:2   | Acquired the +3 pair of gauntlets of War {Slay+5}
 12679 | Lair:2   | Found the +3 pair of gauntlets of War {Slay+5}
 12681 | Lair:2   | 12681 ||| UPGRADING to +3 pair of gauntlets of War
                  | {Slay+5}.
 12747 | Lair:2   | Reached * piety under Okawaru
 12788 | Lair:2   | Reached skill level 1 in Invocations
 13046 | Lair:2   | 13046 ||| INVOKING Heroism.
 13353 | Lair:2   | 13353 ||| READING scroll of enchant armour.
 13353 | Lair:2   | 13353 ||| ENCHANTING +1 helmet.
 13480 | Lair:2   | 13480 ||| INVOKING Heroism.
 13489 | Lair:2   | Reached skill level 3 in Invocations
 13495 | Lair:2   | Reached skill level 13 in Axes
 13544 | Lair:2   | Noticed a four-headed hydra
 13545 | Lair:2   | 13545 ||| INVOKING Heroism.
 13547 | Lair:2   | 13547 ||| SWAPPING to -1 hand axe of flaming.
 13554 | Lair:2   | Killed a one-headed hydra
 13555 | Lair:2   | 13555 ||| SWAPPING to +3 war axe of freezing.
 13586 | Lair:2   | Noticed a seven-headed hydra
 13587 | Lair:2   | 13587 ||| Stepping ~*~*~tactically~*~*~ (stealth).
 13595 | Lair:2   | 13595 ||| INVOKING Heroism.
 13596 | Lair:2   | 13596 ||| SWAPPING to -1 hand axe of flaming.
 13603 | Lair:2   | Killed a two-headed hydra
 13603 | Lair:2   | Reached ** piety under Okawaru
 13604 | Lair:2   | 13604 ||| SWAPPING to +3 war axe of freezing.
 13611 | Lair:2   | Reached skill level 9 in Fighting
 13713 | Lair:2   | You fall into a shaft and drop 2 floors!
 13839 | Lair:4   | 13839 ||| READING scroll labelled ACURONTURIU.
 13840 | Lair:4   | 13840 ||| DRINKING 2 blue potions.
 13840 | Lair:4   | Gained mutation: You are agile. (Dex +4, Str/Int -1)
                  | [potion of mutation]
 13840 | Lair:4   | Gained mutation: You have hidden genetic defects. [potion
                  | of mutation]
 13841 | Lair:4   | 13841 ||| READING 2 scrolls of teleportation.
 13916 | Lair:2   | You fall into a shaft and drop 1 floor!
 13946 | Lair:2   | 13946 ||| INVOKING Heroism.
 14093 | Lair:2   | Found a staircase to the Swamp.
 14188 | Lair:3   | 14188 ||| Stepping ~*~*~tactically~*~*~ (stealth).
 14194 | Lair:3   | 14194 ||| Stepping ~*~*~tactically~*~*~ (stealth).
 14195 | Lair:3   | 14195 ||| Stepping ~*~*~tactically~*~*~ (stealth).
 14196 | Lair:3   | 14196 ||| Stepping ~*~*~tactically~*~*~ (stealth).
 14208 | Lair:3   | 14208 ||| INVOKING Heroism.
 14259 | Lair:3   | Noticed a four-headed hydra
 14260 | Lair:3   | 14260 ||| FLEEEEING.
 14305 | Lair:3   | 14305 ||| INVOKING Heroism.
 14309 | Lair:3   | 14309 ||| SWAPPING to -1 hand axe of flaming.
 14316 | Lair:3   | Killed a one-headed hydra
 14317 | Lair:3   | 14317 ||| SWAPPING to +3 war axe of freezing.
 14453 | Lair:3   | 14453 ||| Stepping ~*~*~tactically~*~*~ (stealth).
 14454 | Lair:3   | 14454 ||| INVOKING Heroism.
 14455 | Lair:3   | Found a hole to the Spider Nest.
 14467 | Lair:3   | HP: 23/95 [poisoned by a meliai]
 14472 | Lair:3   | HP: 20/95 [poisoned by a meliai]
 14782 | Lair:3   | 14782 ||| Stepping ~*~*~tactically~*~*~ (stealth).
 14789 | Lair:3   | 14789 ||| Stepping ~*~*~tactically~*~*~ (stealth).
 14792 | Lair:3   | Reached skill level 3 in Dodging
 14794 | Lair:3   | 14794 ||| INVOKING Heroism.
 14795 | Lair:3   | 14795 ||| Stepping ~*~*~tactically~*~*~ (stealth).
 14799 | Lair:3   | Noticed Kirke
 14812 | Lair:3   | Killed Kirke
 14812 | Lair:3   | Reached *** piety under Okawaru
 14835 | Lair:3   | Gained mutation: Your body sometimes deteriorates upon
                  | taking damage. [hidden defects]
 14863 | Lair:3   | 14863 ||| INVOKING Heroism.
 15110 | Lair:3   | 15110 ||| INVOKING Heroism.
 15165 | Lair:3   | 15165 ||| INVOKING Heroism.
 15450 | Lair:3   | 15450 ||| UPGRADING to ring of poison resistance.
 15451 | Lair:3   | 15451 ||| READING 2 scrolls of identify.
 15451 | Lair:3   | 15451 ||| IDENTIFYING murky emerald potion
 15478 | Lair:3   | Was forgiven by Ignis
 15479 | Lair:3   | 15479 ||| DRINKING 4 potions of curing.
 15479 | Lair:3   | 15479 ||| (to cure confusion)
 15597 | Lair:4   | Noticed an eight-headed hydra
 15598 | Lair:4   | 15598 ||| INVOKING Heroism.
 15599 | Lair:4   | 15599 ||| SWAPPING to -1 hand axe of flaming.
 15605 | Lair:4   | Killed a three-headed hydra
 15606 | Lair:4   | 15606 ||| SWAPPING to +3 war axe of freezing.
 15615 | Lair:4   | 15615 ||| STAIRDANCE
 15805 | Lair:4   | Found a staircase to the Slime Pits.
 15806 | Lair:4   | Found a viscous altar of Jiyva.
 16039 | Lair:4   | 16039 ||| INVOKING Heroism.
 16120 | Lair:4   | 16120 ||| INVOKING Heroism.
 16137 | Lair:4   | Killed a boulder beetle
 16145 | Lair:5   | Entered Level 5 of the Lair of Beasts
 16145 | Lair:5   | Noticed a death yak
 16145 | Lair:5   | Noticed a death yak
 16146 | Lair:5   | 16146 ||| STAIRDANCE
 16151 | Lair:5   | Noticed a death yak
 16152 | Lair:5   | 16152 ||| STAIRDANCE
 16154 | Lair:4   | 16154 ||| INVOKING Heroism.
 16157 | Lair:4   | Reached skill level 14 in Axes
 16160 | Lair:4   | Killed a death yak
 16160 | Lair:4   | Reached **** piety under Okawaru
 16161 | Lair:4   | Reached XP level 13. HP: 61/101 MP: 13/16
 16173 | Lair:4   | Gained mutation: Armour fits poorly on your strangely
                  | shaped body. [hidden defects]
 16173 | Lair:4   | Lost mutation: You have hidden genetic defects. [hidden
                  | defects expressed]
 16314 | Lair:4   | 16314 ||| DRINKING potion of mutation.
 16314 | Lair:4   | Lost mutation: Your body sometimes deteriorates upon taking
                  | damage. [potion of mutation]
 16314 | Lair:4   | Lost mutation: You are agile. (Dex +4, Str/Int -1) [potion
                  | of mutation]
 16314 | Lair:4   | Gained mutation: You occasionally shout uncontrollably at
                  | your foes. [potion of mutation]
 16314 | Lair:4   | Gained mutation: You have a pair of small antennae on your
                  | head. [potion of mutation]
 16315 | Lair:4   | 16315 ||| DROPPING +2 helmet.
 16318 | Lair:5   | 16318 ||| STAIRDANCE
 16320 | Lair:4   | 16320 ||| INVOKING Heroism.
 16547 | Lair:5   | 16547 ||| STAIRDANCE
 16549 | Lair:4   | 16549 ||| INVOKING Heroism.
 16606 | Lair:5   | 16606 ||| STAIRDANCE
 16608 | Lair:4   | 16608 ||| INVOKING Heroism.
 16631 | Lair:5   | 16631 ||| STAIRDANCE
 16634 | Lair:5   | 16634 ||| Stepping ~*~*~tactically~*~*~ (stealth).
 16635 | Lair:5   | 16635 ||| Stepping ~*~*~tactically~*~*~ (stealth).
 16639 | Lair:5   | 16639 ||| INVOKING Heroism.
 16647 | Lair:5   | Reached skill level 6 in Invocations
 16736 | Lair:5   | 16736 ||| INVOKING Heroism.
 16760 | Lair:5   | 16760 ||| Stepping ~*~*~tactically~*~*~ (hiding).
 16766 | Lair:5   | 16766 ||| INVOKING Heroism.
 16954 | Lair:5   | 16954 ||| INVOKING Heroism.
 16955 | Lair:5   | 16955 ||| Stepping ~*~*~tactically~*~*~ (stealth).
 16997 | Lair:5   | 16997 ||| INVOKING Heroism.
 17000 | Lair:5   | 17000 ||| SWAPPING to -1 hand axe of flaming.
 17009 | Lair:5   | 17009 ||| SWAPPING to +3 war axe of freezing.
 17034 | Lair:5   | 17034 ||| Stepping ~*~*~tactically~*~*~ (stealth).
 17035 | Lair:5   | 17035 ||| INVOKING Heroism.
 17089 | Lair:5   | Noticed Nessos
 17092 | Lair:5   | 17092 ||| INVOKING Heroism.
 17106 | Lair:5   | 17106 ||| DRINKING 3 potions of curing.
 17106 | Lair:5   | 17106 ||| (to cure confusion)
 17107 | Lair:5   | 17107 ||| Stepping ~*~*~tactically~*~*~ (hiding).
 17109 | Lair:5   | HP: 23/103 [Nessos/arrow (10)]
 17110 | Lair:5   | 17110 ||| READING scroll of teleportation.
 17111 | Lair:5   | 17111 ||| DRINKING potion of heal wounds.
 17113 | Lair:5   | HP: 9/103 [poisoned by Nessos]
 17114 | Lair:5   | 17114 ||| DRINKING 2 potions of curing.
 17114 | Lair:5   | 17114 ||| (to cure poison)
 17327 | Lair:5   | 17327 ||| INVOKING Heroism.
 17343 | Lair:5   | Killed Nessos
 17343 | Lair:5   | Reached ***** piety under Okawaru
 17345 | Lair:5   | 17345 ||| INVOKING Heroism.
 17608 | Lair:5   | 17608 ||| INVOKING Heroism.
 17862 | Lair:5   | 17862 ||| INVOKING Heroism.
 17880 | Lair:5   | Reached skill level 9 in Invocations
 17903 | Lair:5   | 17903 ||| INVOKING Heroism.
 17926 | Lair:5   | 17926 ||| DRINKING 3 potions of cancellation.
 17927 | Lair:5   | 17927 ||| INVOKING Heroism.
 17932 | Lair:5   | HP: 23/103 [molten gargoyle/bolt of magma (29)]
 17933 | Lair:5   | HP: 11/103 [molten gargoyle/bolt of magma (12)]
 17935 | Lair:5   | 17935 ||| FLEEEEING.
 17936 | Lair:5   | 17936 ||| FLEEEEING.
 17937 | Lair:5   | 17937 ||| FLEEEEING.
 17938 | Lair:5   | 17938 ||| FLEEEEING.
 17939 | Lair:5   | 17939 ||| FLEEEEING.
 17940 | Lair:5   | 17940 ||| FLEEEEING.
 18196 | Lair:5   | 18196 ||| INVOKING Heroism.
 18272 | Lair:5   | 18272 ||| INVOKING Heroism.
 18454 | Lair:5   | 18454 ||| Stepping ~*~*~tactically~*~*~ (stealth).
 18456 | Lair:5   | 18456 ||| Stepping ~*~*~tactically~*~*~ (hiding).
 18457 | Lair:5   | 18457 ||| Stepping ~*~*~tactically~*~*~ (hiding).
 18647 | Lair:5   | 18647 ||| Stepping ~*~*~tactically~*~*~ (hiding).
 18649 | Lair:5   | 18649 ||| INVOKING Heroism.
 18650 | Lair:5   | 18650 ||| INVOKING Finesse.
 18654 | Lair:5   | 18654 ||| Stepping ~*~*~tactically~*~*~ (cloud).
 18655 | Lair:5   | 18655 ||| Stepping ~*~*~tactically~*~*~ (cloud).
 18663 | Lair:5   | 18663 ||| Stepping ~*~*~tactically~*~*~ (cloud).
 18846 | Lair:5   | 18846 ||| DRINKING 2 potions of cancellation.
 18847 | Lair:5   | 18847 ||| DRINKING potion of cancellation.
 19046 | Lair:5   | 19046 ||| INVOKING Heroism.
 19090 | Lair:5   | Noticed a fire dragon
 19251 | Lair:5   | 19251 ||| FLEEEEING.
 19252 | Lair:5   | 19252 ||| FLEEEEING.
 19253 | Lair:5   | 19253 ||| FLEEEEING.
 19254 | Lair:5   | 19254 ||| FLEEEEING.
 19255 | Lair:5   | 19255 ||| FLEEEEING.
 19256 | Lair:5   | 19256 ||| FLEEEEING.
 19325 | Lair:5   | 19325 ||| INVOKING Heroism.
 19575 | Lair:5   | Found a large runed translucent door.
 19576 | Lair:5   | Found a large runed translucent door.
 19771 | Lair:5   | 19771 ||| PLANNING D:1-11
 19771 | Lair:5   | 19771 ||| READING 3 scrolls labelled FIWKATEEMU.
 19772 | Lair:5   | 19772 ||| READING 2 scrolls of identify.
 19772 | Lair:5   | 19772 ||| IDENTIFYING fizzy inky potion
 19773 | Lair:5   | 19773 ||| DROPPING 2 scrolls of summoning.
 19988 | D:9      | 19988 ||| Stepping ~*~*~tactically~*~*~ (stealth).
 20035 | D:9      | Found a flagged portal.
 20188 | D:9      | Noticed Pikel
 20193 | D:9      | Killed Pikel
 20246 | D:9      | 20246 ||| INVOKING Heroism.
 20363 | D:9      | 20363 ||| READING scroll of brand weapon.
 20363 | D:9      | 20363 ||| BRANDING +3 war axe of freezing.
 20708 | D:9      | 20708 ||| Stepping ~*~*~tactically~*~*~ (hiding).
 20713 | D:9      | 20713 ||| INVOKING Heroism.
 20938 | D:10     | Entered Level 10 of the Dungeon
 20944 | D:10     | Identified the +1 leather armour "Raucilau" {Harm rC+++
                  | Int-5}
 20988 | D:10     | 20988 ||| INVOKING Heroism.
 21041 | D:10     | Noticed a stone giant
 21042 | D:10     | Found a runed translucent door.
 21044 | D:10     | Noticed a fire dragon
 21044 | D:10     | Noticed a stone giant
 21044 | D:10     | Found the ring of the Mage {Wiz Archmagi}
 21078 | D:10     | 21078 ||| Stepping ~*~*~tactically~*~*~ (stealth).
 21082 | D:10     | 21082 ||| Stepping ~*~*~tactically~*~*~ (hiding).
 21175 | D:10     | 21175 ||| INVOKING Heroism.
 21178 | D:10     | Gained mutation: You have a small tail. [demonic ancestry]
 21178 | D:10     | Reached XP level 14. HP: 110/110 MP: 18/21
 21204 | D:10     | 21204 ||| INVOKING Heroism.
 21215 | D:10     | Reached skill level 15 in Axes
 21427 | D:10     | Found a runed translucent gate.
 21427 | D:10     | Found a runed translucent gate.
 21428 | D:10     | Found a runed translucent gate.
 21532 | D:10     | Noticed qw's ghost (novice DsCA)
 21728 | D:10     | 21728 ||| DROPPING potion of brilliance.
 21839 | D:11     | 21839 ||| Stepping ~*~*~tactically~*~*~ (stealth).
 21841 | D:11     | 21841 ||| INVOKING Heroism.
 21842 | D:11     | 21842 ||| Stepping ~*~*~tactically~*~*~ (hiding).
 21931 | D:11     | 21931 ||| Stepping ~*~*~tactically~*~*~ (stealth).
 21938 | D:11     | 21938 ||| Stepping ~*~*~tactically~*~*~ (stealth).
 21941 | D:11     | 21941 ||| Stepping ~*~*~tactically~*~*~ (stealth).
 21986 | D:11     | 21986 ||| Stepping ~*~*~tactically~*~*~ (stealth).
 21988 | D:11     | 21988 ||| Stepping ~*~*~tactically~*~*~ (stealth).
 22285 | D:11     | 22285 ||| Stepping ~*~*~tactically~*~*~ (hiding).
 22294 | D:11     | 22294 ||| Stepping ~*~*~tactically~*~*~ (stealth).
 22296 | D:11     | 22296 ||| Stepping ~*~*~tactically~*~*~ (hiding).
 22372 | D:11     | 22372 ||| Stepping ~*~*~tactically~*~*~ (stealth).
 22679 | D:11     | 22679 ||| FLEEEEING.
 22680 | D:11     | 22680 ||| FLEEEEING.
 22681 | D:11     | 22681 ||| FLEEEEING.
 22682 | D:11     | 22682 ||| FLEEEEING.
 22683 | D:11     | 22683 ||| FLEEEEING.
 22684 | D:11     | 22684 ||| FLEEEEING.
 22685 | D:11     | 22685 ||| FLEEEEING.
 22699 | D:11     | 22699 ||| FLEEEEING.
 22717 | D:11     | 22717 ||| FLEEEEING.
 22718 | D:11     | 22718 ||| FLEEEEING.
 22732 | D:11     | 22732 ||| FLEEEEING.
 22733 | D:11     | 22733 ||| FLEEEEING.
 22734 | D:11     | 22734 ||| FLEEEEING.
 22735 | D:11     | 22735 ||| FLEEEEING.
 22739 | D:11     | 22739 ||| STAIRDANCE
 22940 | D:11     | 22940 ||| PLANNING D
 22983 | D:12     | Received a gift from Okawaru
 22984 | D:12     | Reached skill level 9 in Armour
 23243 | D:12     | 23243 ||| READING scroll of enchant weapon.
 23243 | D:12     | 23243 ||| ENCHANTING +3 war axe of electrocution.
 23597 | D:12     | Found a stormy altar of Qazlal.
 23686 | D:12     | 23686 ||| Stepping ~*~*~tactically~*~*~ (stealth).
 23701 | D:12     | 23701 ||| FLEEEEING.
 23702 | D:12     | 23702 ||| FLEEEEING.
 23703 | D:12     | 23703 ||| FLEEEEING.
 23752 | D:12     | 23752 ||| Stepping ~*~*~tactically~*~*~ (stealth).
 23762 | D:12     | 23762 ||| Stepping ~*~*~tactically~*~*~ (stealth).
 23763 | D:12     | 23763 ||| Stepping ~*~*~tactically~*~*~ (stealth).
 23792 | D:12     | 23792 ||| Stepping ~*~*~tactically~*~*~ (hiding).
 23794 | D:12     | 23794 ||| Stepping ~*~*~tactically~*~*~ (hiding).
 23815 | D:12     | 23815 ||| DRINKING potion of mutation.
 23815 | D:12     | Lost mutation: Armour fits poorly on your strangely shaped
                  | body. [potion of mutation]
 23815 | D:12     | Lost mutation: You have a pair of small antennae on your
                  | head. [potion of mutation]
 23815 | D:12     | Lost mutation: You occasionally shout uncontrollably at
                  | your foes. [potion of mutation]
 23815 | D:12     | Gained mutation: You do not regenerate when monsters are
                  | visible. [potion of mutation]
 23815 | D:12     | Gained mutation: You have hidden genetic potential. [potion
                  | of mutation]
 23815 | D:12     | Gained mutation: You possess an exceptional clarity of
                  | mind. [potion of mutation]
 23820 | D:12     | 23820 ||| Stepping ~*~*~tactically~*~*~ (stealth).
 23836 | D:12     | Found a staircase to the Orcish Mines.
 23979 | D:12     | 23979 ||| DROPPING ring of wizardry.
 24025 | D:13     | 24025 ||| INVOKING Heroism.
 24125 | D:13     | 24125 ||| Stepping ~*~*~tactically~*~*~ (hiding).
 24244 | D:13     | 24244 ||| INVOKING Heroism.
 24392 | D:13     | 24392 ||| INVOKING Heroism.
 24393 | D:13     | 24393 ||| Stepping ~*~*~tactically~*~*~ (cloud).
 24396 | D:13     | 24396 ||| Stepping ~*~*~tactically~*~*~ (hiding).
 24400 | D:13     | 24400 ||| INVOKING Finesse.
 24401 | D:13     | 24401 ||| Stepping ~*~*~tactically~*~*~ (cloud).
 24447 | D:13     | 24447 ||| Stepping ~*~*~tactically~*~*~ (hiding).
 24451 | D:13     | 24451 ||| INVOKING Heroism.
 24516 | D:13     | 24516 ||| DRINKING potion of mutation.
 24516 | D:13     | Lost mutation: You do not regenerate when monsters are
                  | visible. [potion of mutation]
 24516 | D:13     | Lost mutation: You possess an exceptional clarity of mind.
                  | [potion of mutation]
 24516 | D:13     | Gained mutation: You are agile. (Dex +4, Str/Int -1)
                  | [potion of mutation]
 24516 | D:13     | Gained mutation: You have sharp toenails. [potion of
                  | mutation]
 24516 | D:13     | Gained mutation: Your muscles are strong. (Str +4, Int/Dex
                  | -1) [potion of mutation]
 24699 | D:13     | 24699 ||| INVOKING Heroism.
 24703 | D:13     | 24703 ||| Stepping ~*~*~tactically~*~*~ (stealth).
 24708 | D:13     | 24708 ||| Stepping ~*~*~tactically~*~*~ (stealth).
 24716 | D:13     | Received a gift from Okawaru
 24889 | D:13     | 24889 ||| UPGRADING to amulet of regeneration.
 24894 | D:13     | 24894 ||| UPGRADING to ring of protection from fire.
 24946 | D:14     | 24946 ||| INVOKING Heroism.
 24949 | D:14     | 24949 ||| Stepping ~*~*~tactically~*~*~ (stealth).
 24950 | D:14     | 24950 ||| Stepping ~*~*~tactically~*~*~ (stealth).
 24960 | D:14     | Reached skill level 16 in Axes
 24989 | D:14     | Identified the +1 robe of Ceraclim {rCorr Str-2 Int+7
                  | Dex-2}
 24997 | D:14     | 24997 ||| Stepping ~*~*~tactically~*~*~ (hiding).
 25016 | D:14     | 25016 ||| INVOKING Heroism.
 25017 | D:14     | 25017 ||| Stepping ~*~*~tactically~*~*~ (hiding).
 25018 | D:14     | 25018 ||| INVOKING Finesse.
 25046 | D:14     | 25046 ||| Stepping ~*~*~tactically~*~*~ (hiding).
 25049 | D:14     | 25049 ||| Stepping ~*~*~tactically~*~*~ (stealth).
 25108 | D:14     | Found Jofin's Antique Weapon Shoppe.
 25140 | D:14     | 25140 ||| FLEEEEING.
 25141 | D:14     | 25141 ||| FLEEEEING.
 25142 | D:14     | 25142 ||| FLEEEEING.
 25143 | D:14     | 25143 ||| FLEEEEING.
 25144 | D:14     | 25144 ||| FLEEEEING.
 25145 | D:14     | 25145 ||| FLEEEEING.
 25146 | D:14     | 25146 ||| FLEEEEING.
 25158 | D:14     | 25158 ||| FLEEEEING.
 25159 | D:14     | 25159 ||| STAIRDANCE
 25192 | D:13     | 25192 ||| UPGRADING to +0 helmet.
 25204 | D:14     | 25204 ||| INVOKING Heroism.
 25288 | D:14     | 25288 ||| INVOKING Heroism.
 25289 | D:14     | 25289 ||| INVOKING Finesse.
 25347 | D:14     | HP: 24/113 [skeletal warrior/+0 trident (11)]
 25348 | D:14     | 25348 ||| READING 5 scrolls of teleportation.
 25349 | D:14     | 25349 ||| DRINKING 2 potions of heal wounds.
 25368 | D:14     | 25368 ||| INVOKING Heroism.
 25394 | D:14     | Received a gift from Okawaru
 25401 | D:14     | HP: 22/113 [skeletal warrior/+0 trident (13)]
 25402 | D:14     | 25402 ||| READING 4 scrolls of teleportation.
 25403 | D:14     | 25403 ||| DRINKING potion of heal wounds.
 25419 | D:14     | 25419 ||| Stepping ~*~*~tactically~*~*~ (stealth).
 25422 | D:14     | 25422 ||| Stepping ~*~*~tactically~*~*~ (stealth).
 25443 | D:14     | 25443 ||| Stepping ~*~*~tactically~*~*~ (stealth).
 25444 | D:14     | 25444 ||| Stepping ~*~*~tactically~*~*~ (stealth).
 25452 | D:14     | 25452 ||| INVOKING Heroism.
 25596 | D:14     | 25596 ||| READING scroll of enchant armour.
 25596 | D:14     | 25596 ||| ENCHANTING +0 helmet.
 25669 | D:14     | 25669 ||| Stepping ~*~*~tactically~*~*~ (stealth).
 25690 | D:14     | Received a gift from Okawaru
 25704 | D:14     | Found a gate to the Vaults.
 26459 | D:15     | Entered Level 15 of the Dungeon
 26490 | D:15     | 26490 ||| FLEEEEING.
 26491 | D:15     | 26491 ||| STAIRDANCE
 26595 | D:15     | 26595 ||| STAIRDANCE
 26602 | D:14     | 26602 ||| INVOKING Heroism.
 26639 | D:15     | 26639 ||| STAIRDANCE
 26641 | D:14     | 26641 ||| INVOKING Finesse.
 26695 | D:15     | 26695 ||| INVOKING Heroism.
 26698 | D:15     | 26698 ||| INVOKING Finesse.
 26700 | D:15     | Reached skill level 3 in Throwing
 26707 | D:15     | Gained mutation: You are completely covered in sharp
                  | spines. [demonic ancestry]
 26707 | D:15     | Reached XP level 15. HP: 59/118 MP: 15/22
 26707 | D:15     | 26707 ||| SWAPPING to -1 hand axe of flaming.
 26711 | D:15     | 26711 ||| SWAPPING to +4 war axe of electrocution.
 26889 | D:15     | Found a broken altar of Ashenzari.
 26897 | D:15     | 26897 ||| Stepping ~*~*~tactically~*~*~ (stealth).
 26903 | D:15     | 26903 ||| Stepping ~*~*~tactically~*~*~ (stealth).
 26970 | D:15     | 26970 ||| FLEEEEING.
 27023 | D:15     | 27023 ||| FLEEEEING.
 27024 | D:15     | 27024 ||| FLEEEEING.
 27025 | D:15     | 27025 ||| FLEEEEING.
 27026 | D:15     | 27026 ||| FLEEEEING.
 27027 | D:15     | 27027 ||| FLEEEEING.
 27028 | D:15     | 27028 ||| FLEEEEING.
 27338 | D:15     | Noticed a frost giant
 27339 | D:15     | 27339 ||| INVOKING Heroism.
 27340 | D:15     | 27340 ||| INVOKING Finesse.
 27341 | D:15     | Found a staircase to the Depths.
 27347 | D:15     | Killed a frost giant
 27408 | D:15     | 27408 ||| PLANNING ORC
 27597 | Orc:1    | Entered Level 1 of the Orcish Mines
 27689 | Orc:1    | Noticed Erolcha
 27690 | Orc:1    | 27690 ||| INVOKING Heroism.
 27696 | Orc:1    | Noticed an orc warlord
 27697 | Orc:1    | 27697 ||| INVOKING Finesse.
 27723 | Orc:1    | Killed Erolcha
 27727 | Orc:1    | Killed an orc warlord
 27733 | Orc:1    | Gained mutation: You have a pair of small antennae on your
                  | head. [hidden potential]
 27803 | Orc:1    | Found Liraba Zeer's Specific Store.
 27812 | Orc:1    | Found Koculam's General Store.
 27824 | Orc:1    | 27824 ||| BUYING potion of curing (51 gold).
 27824 | Orc:1    | Bought a potion of curing for 51 gold pieces
 27824 | Orc:1    | 27824 ||| BUYING potion of might (68 gold).
 27824 | Orc:1    | Bought a potion of might for 68 gold pieces
 27824 | Orc:1    | 27824 ||| BUYING scroll of acquirement (884 gold).
 27824 | Orc:1    | Bought a scroll of acquirement for 884 gold pieces
 27824 | Orc:1    | 27824 ||| BUYING scroll of enchant armour (127 gold).
 27824 | Orc:1    | Bought a scroll of enchant armour for 127 gold pieces
 27824 | Orc:1    | 27824 ||| READING scroll of acquirement.
 27824 | Orc:1    | 27824 ||| ACQUIRING +3 vorpal broad axe
 27824 | Orc:1    | Acquired a +3 vorpal broad axe
 27826 | Orc:1    | 27826 ||| SWAPPING to +3 vorpal broad axe.
 27827 | Orc:1    | 27827 ||| DROPPING +4 war axe of electrocution.
 27828 | Orc:1    | 27828 ||| READING scroll of enchant armour.
 27828 | Orc:1    | 27828 ||| ENCHANTING +0 pair of boots.
 27909 | Orc:1    | 27909 ||| DROPPING +1 helmet.
 27922 | Orc:2    | Entered Level 2 of the Orcish Mines
 27953 | Orc:2    | 27953 ||| INVOKING Heroism.
 27954 | Orc:2    | Found Biogy's Antique Weapon Boutique.
 27962 | Orc:2    | Paralysed by an orc sorcerer for 5 turns
 27965 | Orc:2    | HP: 23/118 [orc sorcerer/bolt of fire (10)]
 27965 | Orc:2    | HP: 11/118 [sun demon[an orc sorcerer] (6)]
 27965 | Orc:2    | HP: 2/118 [sun demon[an orc sorcerer] (9)]
 27966 | Orc:2    | Slain by an orc sorcerer

Levels and vault maps discovered:
D:1:      dpeg_arrival_line_fractal, layout_basic,
          nicolae_ecumenical_snake_handling
D:2:      layout_basic, st_stairs_12, kennysheep_pointless_box,
          grunt_ministairs_5, minmay_fractal_squares_gapless_5
D:3:      layout_loops_cross, portal_sewer_entry_e
D:4:      kennysheep_goblin_castle, layout_cave_pods,
          chequers_temple_overflow_statue_of_worship
D:5:      layout_rooms, minmay_temple_entry_stoned_glass
D:6:      layout_cave_pods
D:7:      layout_loops_ring, enter_ossuary_4
D:8:      layout_gridville, kennysheep_mini, david_lair_shrubbed
D:9:      layout_loops_ring, enter_bailey_6, uniq_pikel
D:10:     minmay_gate_of_8, layout_loops_ring, gammafunk_ghost_icy,
          item_on_display_a
D:11:     layout_long_grid
D:12:     layout_gridville, erik_orc_1, nicolae_qazlal_style_of_elements
D:13:     layout_grid_maze
D:14:     layout_layer_cave, hangedman_vaults_entry_quadrant_bands,
          serial_shops, shop, nicolae_concentric_dashed_squares_mild
D:15:     grunt_enter_depths_snipers, layout_rooms, evilmike_ruin_ashenzari,
          minivault_27
Temple:   minmay_crystal_spiral_temple
Lair:1:   layout_roguey, grunt_megastairs_4, uniq_fannar, uniq_joseph
Lair:2:   layout_chaotic_city, palyth_hydra_swamp_entry,
          infiniplex_staircase_pool_2, grunt_megastairs_3
Lair:3:   layout_roguey, hellmonk_spider_entry_not_the_bees,
          uniq_prince_ribbit2, uniq_kirke
Lair:4:   layout_long_grid, slime_entry_1
Lair:5:   cheibrodos_lair_end_hotspot, layout_long_grid,
          bobbens_ice_dragon_lair, uniq_nessos
Orc:1:    layout_caves, nicolae_specific_store, uniq_erolcha, uniq_erica
Orc:2:    grunt_orc_gardens, layout_caves, grunt_orc_garden, grunt_orc_garden,
          grunt_orc_garden, grunt_orc_garden, serial_shops,
          nicolae_shop_competitors_out_of_business, nicolae_shop_behind_doors,
          basic_altar, kennysheep_orc_sif_temple

Skill      XL: |  1  2  3  4  5  6  7  8  9 10 11 12 13 14 15 |
---------------+----------------------------------------------+-----
Axes           | 3 4 5 6 7 8 10 11 12 14 16 | 16.0
Armour         | 1 2 3 4 5 6 7 8 9 10 | 10.0
Shields        | 1 2 3 5 9 10 11 | 11.0
Fighting       | 4 5 7 8 9 10 11 | 11.0
Throwing       | 1 2 3 5 |  5.0
Dodging        | 1 2 3 4 |  4.0
Invocations    | 4 10 | 10.0
Spellcasting   | |  1.0
Fire Magic     | |  2.6

Action                   |  1- 3 |  4- 6 |  7- 9 | 10-12 | 13-15 || total
-------------------------+-------+-------+-------+-------+-------++-------
Melee: Hand axe          |   127 |    74 |   225 |    32 |    10 ||   468
       War axe           |       |       |   127 |   418 |   722 ||  1267
       Tailslap          |       |       |       |       |    81 ||    81
       Broad axe         |       |       |       |       |    10 ||    10
Throw: Boomerang         |       |    41 |   112 |       |   102 ||   255
       Javelin           |       |       |       |       |     3 ||     3
Invok: Fiery Armour      |     3 |     1 |     3 |     6 |       ||    13
       Heroism           |       |       |       |    16 |    43 ||    59
       Finesse           |       |       |       |       |     8 ||     8
  Use: Scroll            |     6 |     7 |     8 |    11 |    10 ||    42
       Potion            |       |     1 |     3 |     5 |    11 ||    20
 Stab: Confused          |       |       |       |       |     2 ||     2
Armor: Robe              |    10 |       |       |       |       ||    10
       Chain mail        |    23 |    36 |       |       |       ||    59
       Plate armour      |       |       |   198 |   200 |   227 ||   625
Dodge: Dodged            |    38 |    10 |    59 |    65 |    92 ||   264
Block: Buckler           |       |     4 |    89 |    14 |       ||   107
       Kite shield       |       |       |       |   282 |   532 ||   814

Table legend:
 A = Non-vault XP
 B = Vault XP
 C = Vault XP percentage of total XP
 D = Non-vault monster count
 E = Vault monster count
 F = Vault count percentage of total count
                 A         B        C        D         E       F
            +---------+---------+-------+---------+---------+-------
      Total |   86358 |   30512 |  26.1 |     456 |     165 |  26.6
            +---------+---------+-------+---------+---------+-------
        D:1 |      50 |       6 |  10.7 |      30 |       4 |  11.8
        D:2 |      25 |      12 |  32.4 |      15 |       6 |  28.6
        D:3 |      41 |      38 |  48.1 |      15 |       8 |  34.8
        D:4 |     301 |      25 |   7.7 |      21 |      12 |  36.4
        D:5 |     739 |       0 |   0.0 |      21 |       0 |   0.0
        D:6 |    1084 |       0 |   0.0 |      21 |       0 |   0.0
        D:7 |    1011 |       2 |   0.2 |      17 |       2 |  10.5
        D:8 |    1141 |     361 |  24.0 |      23 |       1 |   4.2
        D:9 |    1297 |     651 |  33.4 |      19 |       1 |   5.0
       D:10 |    3208 |       0 |   0.0 |      32 |       0 |   0.0
       D:11 |    4272 |       0 |   0.0 |      23 |       0 |   0.0
       D:12 |    3649 |     552 |  13.1 |      13 |      17 |  56.7
       D:13 |    6324 |       0 |   0.0 |      19 |       0 |   0.0
       D:14 |   13648 |    6568 |  32.5 |      26 |      18 |  40.9
       D:15 |    7598 |    2895 |  27.6 |      13 |       3 |  18.8
     Lair:1 |    3476 |    3094 |  47.1 |      18 |       5 |  21.7
     Lair:2 |    7924 |    2409 |  23.3 |      27 |       4 |  12.9
     Lair:3 |    4350 |    3736 |  46.2 |      13 |      12 |  48.0
     Lair:4 |   12423 |       0 |   0.0 |      29 |       0 |   0.0
     Lair:5 |   10588 |    8606 |  44.8 |      33 |      30 |  47.6
      Orc:1 |    2916 |     895 |  23.5 |      24 |       1 |   4.0
      Orc:2 |     293 |     311 |  51.5 |       4 |       2 |  33.3
    Ossuary |       0 |     351 | 100.0 |       0 |      39 | 100.0
            +---------+---------+-------+---------+---------+-------
